Map: Odyssey LE

Players

Ziggy

  • Race: Terran Terran
  • Spawn Location: 5:00

Kelazhur - Winner!

  • Race: Terran Terran
  • Spawn Location: 11:00

Event: WCS Montreal 2017

VOD

Have the link to the VOD?

Description

Time

  • Played on: Sept. 8, 2017, 6 p.m.
  • Length: 12:05

All games in this series

Show
View Real Time Build Order
Export as new Build Order

Ziggy Terran 

Build Orders:  

Get SALT Encoding   

  12  0:00  SCV  
  13  0:13  SCV  
  14  0:17  Supply Depot  
  14  0:25  SCV  
  15  0:32  Refinery  
  15  0:45  Barracks  
  15  1:01  Barracks  
  15  1:06  SCV  
  16  1:18  SCV  
  17  1:20  Refinery  
  17  1:32  SCV  
  18  1:33  Reaper  
  19  1:48  Reaper  
  19  1:52  Orbital Command  
  20  2:05  Reaper  
  21  2:12  Factory  
  21  2:20  Reaper  
  22  2:32  Supply Depot  
  22  2:37  Reaper  
  22  2:47  SCV  
  23  2:54  Reaper  
  23  2:57  Starport  
  24  2:59  SCV  
  27  3:05  Hellion  
  27  3:11  SCV, Reaper  
  29  3:16  Supply Depot  
  29  3:23  SCV  
  30  3:33  Starport Tech Lab  
  30  3:36  SCV  
  30  3:37  Cyclone  
  34  3:48  SCV  
  35  4:00  SCV  
  35  4:01  Raven  
  37  4:14  Supply Depot, Command Center  
  34  4:25  Cyclone  
  33  4:50  SCV  
  34  5:02  SCV  
  34  5:04  Factory Reactor  
  35  5:07  Engineering Bay  
  35  5:09  Marine  
  36  5:14  SCV  
  37  5:26  SCV  
  37  5:28  Viking, Orbital Command  
  40  5:37  Missile Turret  
  40  5:38  SCV  
  40  5:46  Cyclone  
  43  5:50  SCV  
  43  5:55  Cyclone  
  47  6:02  Orbital Command, SCV  
  46  6:18  SCV  
  46  6:22  Cyclone  
  50  6:31  SCV, Missile Turret  
  50  6:32  SCV  
  52  6:37  Refinery  
  52  6:39  Cyclone  
  55  6:43  SCV  
  55  6:44  SCV  
  55  6:55  SCV  
  55  6:59  SCV  
  54  7:06  Command Center  
  54  7:07  SCV  
  55  7:12  SCV  
  55  7:14  Refinery  
  56  7:19  SCV  
  57  7:26  SCV  
  58  7:31  SCV  
  58  7:36  Siege Tank  
  62  7:42  Supply Depot, SCV  
  62  7:43  Supply Depot  
  60  7:49  SCV  
  61  7:54  SCV  
  62  8:00  Factory  
  62  8:01  Factory  
  62  8:03  Viking x2, SCV  
  67  8:06  SCV  
  67  8:13  Siege Tank  
  67  8:16  SCV  
  67  8:18  SCV  
  67  8:19  Armory  
  72  8:20  Missile Turret  
  72  8:22  Orbital Command, Missile Turret  
  72  8:28  SCV  
  72  8:31  SCV  
  74  8:37  Viking  
  74  8:40  Viking, SCV  
  79  8:43  SCV  
  79  8:47  Factory Tech Lab, Factory Reactor  
  80  8:51  Siege Tank  
  80  8:53  Orbital Command  
  84  8:55  SCV x2  
  83  9:07  Viking, SCV, Missile Turret  
  83  9:09  Missile Turret  
  86  9:11  Terran Vehicle Weapons Level 1  
  86  9:15  SCV  
  87  9:18  Missile Turret x2  
  87  9:21  SCV  
  87  9:22  SCV  
  87  9:23  Supply Depot  
  89  9:29  Liberator, Siege Tank  
  92  9:34  Supply Depot, SCV  
  93  9:40  Supply Depot  
  93  9:45  Siege Tank, SCV x2  
  98  9:48  Supply Depot  
  101  9:53  Liberator  
  101  9:56  SCV  
  101  9:57  SCV x2  
  104  10:01  Siege Tank  
  104  10:02  Hellion x2  
  111  10:13  Supply Depot  
  113  10:15  Supply Depot  
  113  10:17  Supply Depot  
  108  10:24  SCV  
  108  10:25  SCV x2  
  109  10:35  Siege Tank x2  
  115  10:36  SCV  
  115  10:37  SCV  
  115  10:41  SCV  
  117  10:49  SCV x2  
  117  10:53  SCV  
  118  10:58  Refinery x2  
  118  10:59  Hellion x2  
  118  11:01  SCV x2  
  124  11:06  SCV  
  124  11:07  Siege Tank  
  124  11:08  Factory  
  124  11:10  Sensor Tower  
  128  11:13  SCV  
  128  11:17  SCV, Missile Turret  
  133  11:33  SCV x2  
  133  11:34  Supply Depot x2  
  133  11:35  Supply Depot  
  133  11:39  Hellion x2  
  136  11:40  Factory  
  136  11:42  Sensor Tower, Factory  
  136  11:44  SCV  
  136  11:45  SCV  
Show
View Real Time Build Order
Export as new Build Order

Kelazhur Terran - Winner!

Build Orders: 1/1/1, Liberator Opening, MMM Bio 

Get SALT Encoding   

  12  0:00  SCV  
  13  0:12  SCV  
  14  0:16  Supply Depot  
  14  0:24  SCV  
  14  0:27  Refinery  
  15  0:38  SCV  
  16  0:44  Barracks  
  16  0:50  SCV  
  16  0:54  Refinery  
  17  1:02  SCV  
  18  1:14  SCV  
  19  1:31  Orbital Command  
  19  1:33  Factory, Reaper  
  20  1:42  Supply Depot  
  20  1:56  SCV  
  21  2:05  Reaper  
  22  2:08  SCV  
  23  2:17  Starport, Hellion  
  23  2:21  SCV  
  26  2:33  SCV  
  27  2:38  Supply Depot  
  25  2:45  SCV, Hellion, Reaper  
  25  2:46  Liberator  
  29  2:57  SCV  
  33  3:06  Hellion  
  33  3:11  Supply Depot  
  35  3:18  Barracks Tech Lab  
  35  3:19  SCV  
  36  3:31  Cyclone  
  36  3:33  SCV  
  40  3:40  Supply Depot  
  40  3:50  SCV  
  40  3:53  Banshee  
  44  3:58  Supply Depot  
  44  4:02  SCV  
  44  4:12  Cloaking Field  
  44  4:14  SCV  
  45  4:20  Cyclone  
  45  4:22  Command Center  
  46  4:32  SCV  
  46  4:36  Banshee  
  46  4:38  Barracks Reactor  
  45  4:49  SCV  
  46  5:03  Command Center  
  46  5:10  SCV  
  47  5:18  Raven  
  47  5:19  Marine x2  
  51  5:24  Factory Tech Lab  
  51  5:25  SCV  
  52  5:37  Orbital Command, SCV  
  52  5:38  Marine x2  
  54  5:50  SCV  
  54  5:52  Siege Tank  
  54  5:56  Marine x2  
  59  6:02  SCV  
  59  6:03  SCV  
  61  6:14  Marine x2, SCV  
  61  6:15  SCV  
  61  6:17  Orbital Command  
  62  6:26  SCV  
  62  6:27  SCV  
  66  6:35  Siege Tank  
  66  6:38  SCV  
  66  6:39  SCV  
  69  6:41  Barracks x2  
  69  6:44  SCV  
  70  6:48  Marine  
  70  6:49  Stimpack, Starport Reactor  
  70  6:50  SCV  
  70  6:51  SCV  
  73  6:54  Refinery  
  73  6:55  Refinery  
  73  6:56  SCV  
  71  7:02  SCV  
  71  7:03  SCV  
  71  7:06  Marine  
  71  7:07  Siege Tank  
  78  7:08  SCV  
  78  7:10  Engineering Bay  
  78  7:11  Engineering Bay  
  78  7:16  SCV  
  78  7:19  SCV  
  79  7:24  Marine  
  80  7:30  SCV  
  80  7:31  Marine x2  
  80  7:35  SCV  
  80  7:36  Barracks Tech Lab  
  82  7:39  Siege Tank  
  82  7:49  Marine, Marauder  
  85  7:51  Viking x2  
  85  7:52  SCV x2  
  85  7:54  Terran Infantry Weapons Level 1  
  85  7:55  Terran Infantry Armor Level 1  
  85  7:57  Marauder  
  85  7:58  Barracks x2, Refinery  
  93  8:02  Supply Depot x2  
  93  8:08  Combat Shields  
  93  8:23  Siege Tank, Marine x2, SCV x3  
  93  8:24  Marauder x2  
  93  8:25  Supply Depot  
  105  8:35  SCV x3  
  105  8:39  Supply Depot, Armory  
  107  8:41  Supply Depot  
  107  8:46  Barracks Tech Lab  
  107  8:47  Marine, Barracks Reactor  
  107  8:48  Marine, SCV x3, Marauder x2  
  116  8:57  Supply Depot  
  116  9:00  Medivac x2, SCV x2  
  116  9:01  SCV  
  123  9:07  Supply Depot  
  123  9:10  Supply Depot  
  123  9:15  Marine x2, Marauder x3  
  130  9:23  Supply Depot  
  131  9:24  SCV x3  
  131  9:25  Marine x2, Refinery, Concussive Shells  
  131  9:29  Supply Depot  
  135  9:32  Command Center  
  135  9:33  Marine  
  135  9:36  Marine  
  135  9:37  Marine x2, Marauder  
  141  9:45  Marine x2  
  143  9:51  Marine  
  144  9:54  Marine  
  144  9:55  Marauder x2  
  149  10:02  Marine  
  149  10:03  Marine, Marauder  
  153  10:09  Marine  
  151  10:15  Medivac x2, Marine  
  151  10:16  Marine, Marauder  
  157  10:27  Marine, Marauder  
  157  10:28  Marine  
  157  10:29  Marine  
  157  10:34  SCV x2  
  157  10:39  Marine  
  157  10:40  Barracks x3, Marauder x2  
  161  10:45  Marine  
  161  10:48  Marine x2  
  161  10:49  Marauder  
  162  10:56  Planetary Fortress  
  159  10:57  Marine  
  159  11:01  Marauder  
  159  11:03  Marine, Marauder  
  165  11:05  Medivac  
  165  11:06  Medivac, Marine x2  
  171  11:13  Siege Tank, Marauder  
  171  11:15  Marine  
  177  11:20  Command Center  
  177  11:21  Marine  
  177  11:23  Marauder  
  177  11:24  Marine  
  177  11:25  Marauder  
  183  11:28  Barracks Reactor, Barracks Tech Lab  
  183  11:31  Marine, Barracks Tech Lab  
  184  11:33  Marine  
  184  11:35  Marauder  
  184  11:39  Marine  
Tags
 
Add a new tag
Caveats
  • Supply blocks, unpowered buildings, or Contaminate may cause inaccurate times.
  • Supply counts are checked every 10 seconds.